 Dungeon Crawl Stone Soup version 0.29-a0-308-g4e025c60ea (webtiles) character file.

Game seed: 11024788494588489892

1917914 Flugkiller the Imperceptible (level 25, 212/212 HPs)
             Began as a Vampire Delver on Mar 28, 2022.
             Was a Follower of Uskayaw.
             Escaped with the Orb
             ... and 3 runes!
             The game lasted 01:43:39 (51621 turns).

Flugkiller the Imperceptible (Vampire Delver)      Turns: 51621, Time: 01:43:39

Health: 212/212    AC: 19    Str: 14    XL:     25   Next: 56%
Magic:  36/36      EV: 49    Int: 20    God:    Uskayaw [*.....]
Gold:   5335       SH: 14    Dex: 50    Spells: 12/38 levels left

rFire   + + .      SeeInvis +   b - +7 quick blade of Defilement {vorpal, rCorr Dex+4}
rCold   . . .      Faith    +   W - +3 warlock's mirror {reflect}
rNeg    . . .      Spirit   .   p - +2 ring mail of Ridgh {Dex+5 Slay+5}
rPois   .          Reflect  +   r - +5 helmet "Ruckeet" {rElec rF+ SInv}
rElec   +          Harm     .   u - +0 cloak of Insatiable Hunger {Will+ Int+3 Dex+4}
rCorr   +          Rampage  .   S - +2 pair of gloves
Will    +++..                   v - +1 pair of boots "Qies" {rF+ Str+3 Slay+3}
Stlth   ++++......              Z - amulet of faith
HPRegen 0.65/turn               M - +6 ring of dexterity
MPRegen 0.25/turn               l - +6 ring of dexterity

@: healing quickly
A: alive, fangs 3, see invisible, vampiric 2, agile 1, sense surroundings 1
0: Orb of Zot
}: 3/15 runes: decaying, serpentine, silver
a: Exsanguinate, Renounce Religion, Stomp


You escaped.
You worshipped Uskayaw.
Uskayaw was most pleased with you.
You visited 9 branches of the dungeon, and saw 46 of its levels.
You also visited: Ice Cave and Volcano.

You collected 7478 gold pieces.
You spent 2143 gold pieces at shops.

Inventory:

Hand Weapons
 a - a +9 vampiric rapier
   (You took it off a spriggan on level 6 of the Lair of Beasts)
 b - the +7 quick blade of Defilement (weapon) {vorpal, rCorr Dex+4}
   (You acquired it on level 13 of the Dungeon)

   It inflicts extra damage upon your enemies.
   Dex:       It affects your dexterity (+4).
   rCorr:     It protects you from acid and corrosion.
Missiles
 D - a throwing net
 K - 22 curare-tipped darts
Armour
 p - the +2 ring mail of Ridgh (worn) {Dex+5 Slay+5}
   (You found it on level 1 of the Realm of Zot)

   Dex:       It affects your dexterity (+5).
   Slay:      It affects your accuracy & damage with ranged weapons and melee
   (+5).
 r - the +5 helmet "Ruckeet" (worn) {rElec rF+ SInv}
   (You bought it in a shop on level 3 of the Snake Pit)

   rF:        It protects you from fire.
   rElec:     It insulates you from electricity.
   SInv:      It lets you see invisible.
 u - the +0 cloak of Insatiable Hunger (worn) {Will+ Int+3 Dex+4}
   (You found it on level 1 of the Swamp)

   Int:       It affects your intelligence (+3).
   Dex:       It affects your dexterity (+4).
   Will:      It increases your willpower.
 v - the +1 pair of boots "Qies" (worn) {rF+ Str+3 Slay+3}
   (You bought it in a shop on level 3 of the Snake Pit)

   Str:       It affects your strength (+3).
   Slay:      It affects your accuracy & damage with ranged weapons and melee
   (+3).
   rF:        It protects you from fire.
 R - a +4 troll leather armour
   (You bought it in a shop on level 13 of the Dungeon)
 S - a +2 pair of gloves (worn)
   (You found it on level 1 of the Lair of Beasts)
 W - the +3 warlock's mirror (worn) {reflect}
   (You acquired it on level 12 of the Dungeon)

   It can block and reflect piercing ranged attacks and magical attacks against
   the wielder's willpower.
Jewellery
 c - a ring of protection from cold
   (You found it on level 1 of the Realm of Zot)
 l - a +6 ring of dexterity (right hand)
   (You found it on level 9 of the Dungeon)
 m - a ring of willpower
   (You took it off a draconian stormcaller on level 5 of the Realm of Zot)
 o - a ring of poison resistance
   (You found it on level 1 of the Depths)
 M - a +6 ring of dexterity (left hand)
   (You found it on level 12 of the Dungeon)
 Z - an amulet of faith (around neck)
   (You found it on level 6 of the Lair of Beasts)
Wands
 e - a wand of iceblast (33)
   (You took it off Ijyb on level 3 of the Dungeon)
 g - a wand of digging (9)
 L - a wand of acid (14)
   (You found it on level 10 of the Dungeon)
 N - a wand of mindburst (22)
   (You found it on level 8 of the Dungeon)
 T - a wand of charming (13)
   (You found it on level 2 of the Realm of Zot)
 U - a wand of paralysis (26)
   (You found it on level 4 of the Lair of Beasts)
Scrolls
 i - 10 scrolls of holy word
 s - 6 scrolls of fear
 t - 24 scrolls of teleportation
 y - 6 scrolls of amnesia
 z - 7 scrolls of blinking
 E - 10 scrolls of vulnerability
 F - a scroll of summoning
 J - 3 scrolls of magic mapping
 P - 2 scrolls of silence
 Q - 4 scrolls of immolation
 Y - 4 scrolls of fog
Potions
 d - 7 potions of might
 f - 4 potions of cancellation
 h - 5 potions of haste
 n - a potion of resistance
 q - 14 potions of curing
 w - 6 potions of heal wounds
 x - 3 potions of invisibility
 A - 10 potions of flight
 B - 9 potions of mutation
 C - a potion of ambrosia
 H - 5 potions of attraction
 O - 4 potions of brilliance
 V - a potion of berserk rage
 X - 8 potions of lignification
Miscellaneous
 j - a phial of floods
   (You found it on level 3 of the Depths)
 k - a box of beasts
   (You found it on level 2 of the Snake Pit)
 G - a tin of tremorstones (2/2)
   (You found it on level 5 of the Vaults)
 I - a phantom mirror
   (You found it on level 3 of the Lair of Beasts)


   Skills:
 + Level 20.6 Fighting
 - Level 14.0 Short Blades
 + Level 23.2 Dodging
 + Level 24.6 Stealth
 - Level 10.0 Shields
 - Level 7.0 Spellcasting
 - Level 20.0 Hexes
 - Level 6.0 Ice Magic
 - Level 5.0 Earth Magic
 + Level 19.8 Invocations
 - Level 10.0 Evocations


You had 12 spell levels left.
You knew the following spells:

 Your Spells              Type           Power      Damage    Failure   Level
a - Ensorcelled Hibernat  Hex/Ice        100%       N/A       1%          2
b - Enfeeble              Hex            36%        N/A       5%          7
c - Summon Mana Viper     Hex/Summ       47%        N/A       11%         5
d - Leda's Liquefaction   Hex/Erth       27%        N/A       1%          4
e - Confusing Touch       Hex            72%        N/A       1%          3
f - Silence               Hex/Air        23%        N/A       11%         5

Your spell library contained the following spells:

 Spells                   Type           Power      Damage    Failure   Level
 Slow                     Hex            100%       N/A       0%          1
 Dazzling Flash           Conj/Hex       94%        N/A       1%          3
 Inner Flame              Hex/Fire       47%        N/A       1%          3
 Portal Projectile        Hex/Tloc       94%        N/A       1%          3
 Tukima's Dance           Hex            72%        N/A       1%          3
 Anguish                  Hex/Necr       23%        N/A       3%          4
 Apportation              Tloc           14%        N/A       24%         1
 Beastly Appendage        Tmut           14%        N/A       24%         1
 Foxfire                  Conj/Fire      28%        2x1d5     24%         1
 Shock                    Conj/Air       28%        1d4       24%         1
 Sting                    Tmut/Pois      28%        1d4       24%         1
 Blink                    Tloc           14%        N/A       34%         2
 Scorch                   Fire           14%        2d6       34%         2
 Sublimation of Blood     Necr           7%         N/A       34%         2
 Wereblood                Tmut           7%         N/A       34%         2
 Conjure Flame            Conj/Fire      7%         6-21      56%         3
 Gell's Gravitas          Tloc           7%         N/A       56%         3
 Lesser Beckoning         Tloc           7%         N/A       56%         3
 Spider Form              Tmut/Pois      7%         N/A       56%         3
 Swiftness                Air            7%         N/A       56%         3
 Teleport Other           Tloc           7%         N/A       56%         3
 Vampiric Draining        Necr           7%         2d6       56%         3
 Summon Ice Beast         Ice/Summ       19%        N/A       56%         4
 Animate Armour           Summ/Erth      34%        N/A       63%         4
 Petrify                  Tmut/Erth      17%        N/A       63%         4
 Lee's Rapid Deconstruct  Erth           13%        3d10*     63%         5
 Airstrike                Air            3%         N/A       93%         4
 Animate Dead             Necr           3%         N/A       93%         4
 Flame Wave               Conj/Fire      7%         2d5       93%         4
 Borgnjor's Vile Clutch   Necr/Erth      8%         N/A       93%         5
 Freezing Cloud           Conj/Ice/Air   7%         6-21      96%         5
 Agony                    Necr           7%         N/A       100%        5
 Alistair's Intoxication  Tmut/Pois      4%         N/A       100%        5
 Blade Hands              Tmut           3%         N/A       100%        5
 Excruciating Wounds      Necr           3%         N/A       100%        5
 Fireball                 Conj/Fire      3%         3d4       100%        5
 Irradiate                Conj/Tmut      3%         3d14      100%        5
 Iskenderun's Battlesphe  Conj           7%         2d6       100%        5
 Manifold Assault         Tloc           7%         N/A       100%        5
 Summon Forest            Summ/Tloc      3%         N/A       100%        5
 Conjure Ball Lightning   Conj/Air       3%         3x3d6     100%        6
 Death Channel            Necr           3%         N/A       100%        6
 Eringya's Noxious Bog    Tmut/Pois      3%         N/A       100%        6
 Iron Shot                Conj/Erth      8%         9d3       100%        6
 Simulacrum               Ice/Necr       9%         N/A       100%        6
 Statue Form              Tmut/Erth      11%        N/A       100%        6
 Summon Cactus Giant      Summ           3%         N/A       100%        6
 Haunt                    Necr/Summ      3%         N/A       100%        7
 Monstrous Menagerie      Summ           3%         N/A       100%        7
 Orb of Destruction       Conj           3%         9d5       100%        7
 Spellforged Servitor     Conj/Summ      3%         N/A       100%        7
 Storm Form               Tmut/Air       3%         N/A       100%        7
 Summon Hydra             Summ           3%         N/A       100%        7
 Infestation              Necr           3%         N/A       100%        8
 Chain Lightning          Conj/Air       3%         3d4       100%        9
 Fire Storm               Conj/Fire      3%         8d1       100%        9
 Polar Vortex             Ice            15%        N/A       100%        9
 Shatter                  Erth           13%        3d14*     100%        9


Dungeon Overview and Level Annotations

Branches:
Dungeon (15/15)            Temple (1/1) D:6            Lair (6/6) D:9
  Swamp (4/4) Lair:3        Snake (4/4) Lair:4        Slime (0/5) Lair:6
    Orc (2/2) D:10            Elf (0/3) Orc:2        Vaults (5/5) D:14
  Crypt (0/3) Vaults:3     Depths (4/4) D:15            Zot (5/5) Depths:4
  IceCv (visited)         Volcano (visited)

Altars:
Ashenzari
Cheibriados
Dithmenos
Elyvilon
Fedhas
Gozag
Hepliaklqana
Kikubaaqudgha
Makhleb
Nemelex Xobeh
Okawaru
Qazlal
Ru
Sif Muna
Trog
Uskayaw
Vehumet
Wu Jian
Xom
Yredelemnul
Zin
The Shining One
Beogh
Jiyva

Shops:
D:1 !*?(   D:12 :   D:13 [   Orc:1 !**   Orc:2 (*=!   Snake:3 *[?*(   Snake:4 [
Vaults:4 *   Vaults:5 [

Portals:
Hell: Depths:1 Depths:2 Depths:3 Depths:4
Abyss: Depths:3
Pandemonium: Orc:2 Depths:2
Ziggurat: Depths:2

Annotations:
D:2 Terence
D:4 Robin
D:11 Boris
D:12 1 runed translucent door, Ataumnicw's ghost, journeyman SpEn


Innate Abilities, Weirdness & Mutations

Your natural rate of healing is accelerated.
You have razor-sharp teeth.
You have supernaturally acute eyesight. (SInv)
You are afflicted with vampirism and can become a bat while bloodless.
You are agile. (Dex +2)
You passively map a small area around you.


Message History

Boris casts a spell.
Boris flickers and vanishes for a moment.
You climb upwards.
Level annotation: Fannar
There is a stone staircase leading down here.
(D) Dungeon (T) Temple (L) Lair (S) Swamp (P) Snake Pit (M) Slime Pits (O) Orcish Mines (E) Elven Halls (V) Vaults (C) Crypt (U) Depths (H) Hell (Z) Zot
Where to? (Enter - D:1 @ (x,y), ? - help) Fannar is nearby!
Fannar shouts!
Fannar gestures wildly while chanting.
There is a stone staircase leading up here.
Fannar completely misses you.
You climb upwards.
The ice beast disappears in a puff of smoke!
There is a stone staircase leading down here.
You hit Fannar but do no damage. You bite Fannar!
Fannar is lightly wounded.
Fannar completely misses you.
You hit Fannar but do no damage.
Fannar is lightly wounded.
You closely miss Fannar. You bite Fannar!
Fannar is moderately wounded.
You impale Fannar!!
Fannar is severely wounded.
Fannar completely misses you.
You hit Fannar.
Fannar is severely wounded.
You impale Fannar!!
Fannar is almost dead.
You can now pass through a line of other dancers.
You closely miss Fannar.
Fannar is almost dead.
You block Fannar's attack.
You completely miss Fannar. You bite Fannar.
You kill Fannar!
(D) Dungeon (T) Temple (L) Lair (S) Swamp (P) Snake Pit (M) Slime Pits (O) Orcish Mines (E) Elven Halls (V) Vaults (C) Crypt (U) Depths (H) Hell (Z) Zot
Where to? (Enter - D:1 @ (x,y), ? - help)
Items here: ) = [ †.
Some rock shatters into small pieces.
A cacodemon comes into view.
A sixfirhy comes into view.
There is a stone staircase leading up here.
You climb upwards.
There is a stone staircase leading down here.
(D) Dungeon (T) Temple (L) Lair (S) Swamp (P) Snake Pit (M) Slime Pits (O) Orcish Mines (E) Elven Halls (V) Vaults (C) Crypt (U) Depths (H) Hell (Z) Zot
Where to? (Enter - D:1 @ (x,y), ? - help)
There is a stone staircase leading up here.
You climb upwards.
There is a stone staircase leading down here.
There is a stone staircase leading up here.
You climb upwards.
There is a stone staircase leading down here.
There is a stone staircase leading up here.
You climb upwards.
There is a stone staircase leading down here.
An adder is nearby!
The adder hisses angrily.
You impale the adder!!
You kill the adder!
No target in view!
(D) Dungeon (T) Temple (L) Lair (S) Swamp (P) Snake Pit (M) Slime Pits (O) Orcish Mines (E) Elven Halls (V) Vaults (C) Crypt (U) Depths (H) Hell (Z) Zot
Where to? (Enter - D:1 @ (x,y), ? - help)
You see here an adder corpse.
There is a stone staircase leading up here.
You climb upwards.
Level annotation: Robin
There is a stone staircase leading down here.
There is a stone staircase leading up here.
You climb upwards.
There is a stone staircase leading down here.
There is a stone staircase leading up here.
You climb upwards.
Level annotation: Terence
There is a stone staircase leading down here.
There is a stone staircase leading up here.
You climb upwards.
There is a stone staircase leading down here.
A shadow demon comes into view.
The shadow demon moves out of view.
The shadow demon gestures.
The shadow demon gestures.
You see here a staff of cold.
A hell beast comes into view.
You block the bat's attack. x2
There is a staircase leading out of the dungeon here.
Enter note: gg The bat completely misses you.
You block the bat's attack.
You have escaped!

.....#.#.## #.#
##.##...... .....#.##.##
#.# ##.###...#..
.....#####r## #.#
##.####...... .##### ##.##
#.# ##.## #.....[∩ .#
##2###2###.## #.....#.
##### ##.##)##.## #.......
....# ##|#.#.##
####...#... ....#
########b#.#####.....###..
....#
#.......#@#.......#..##...
....##
########.#.########.......
.....## ##.#.#.## ##.##...
####..# ##.##.##.##
#...... ##.# ##.###.###.##
#)..#.. #.# ##.## #.#
##.## #...#.. #.####.##
#.# ##.####...... #..##.##
#.# ##.##.....## ##...##
#.# ##....#..##


You could see a shadow demon, a quokka (summoned) and a bat (summoned).

Vanquished Creatures
  6 orbs of fire
  6 dread liches (Zot:5)
  An ancient lich (Zot:3)
  Mennas (Vaults:5)
  2 juggernauts
  Sojobo (Vaults:3)
  Boris (Vaults:4)
  Bai Suzhen (Swamp:4)
  5 Killer Klowns
  A curse toe (Zot:5)
  13 golden dragons
  A bone dragon (Depths:4)
  Jorgrun (Swamp:1)
  11 tentacled monstrosities
  3 electric golems
  25 Orb Guardians (Zot:5)
  2 liches
  7 titans
  10 quicksilver dragons
  5 death cobs
  2 sphinxes
  12 storm dragons
  11 shadow dragons
  Roxanne (Swamp:1)
  11 nagarajas (Snake:4)
  Kirke (Lair:5)
  Donald (Orc:1)
  12 draconian monks
  13 tengu reavers
  4 fire giants
  2 fenstrider witches
  2 deep elf sorcerers (Vaults:5)
  12 draconian knights
  An orc warlord (Vaults:1)
  10 frost giants
  17 vault wardens
  4 ghost moths
  6 iron dragons
  5 draconian shifters
  4 spectral caustic shrikes (Depths:2)
  A balrug (Zot:3)
  6 draconian stormcallers
  5 draconian scorchers
  2 draconian annihilators
  A spriggan defender (Depths:3)
  22 ironbound preservers
  6 war gargoyles
  32 very ugly things
  11 ironbound thunderhulks
  2 vampire knights
  18 stone giants
  6 eleionomae
  12 green draconians
  23 dire elephants
  12 red draconians
  3 entropy weavers
  A lorocyproca (Zot:3)
  12 black draconians
  8 yellow draconians
  A deep elf annihilator (Vaults:5)
  13 purple draconians
  Azrael (D:14)
  13 white draconians
  4 spark wasps (Depths:1)
  3 bunyips
  A shambling mangrove (Swamp:2)
  A crystal guardian (Vaults:4)
  16 fire dragons
  8 ettins
  6 great orbs of eyes
  Josephine (D:14)
  15 yaktaur captains
  4 deep elf high priests (Vaults:5)
  39 vault guards
  2 rakshasas
  4 caustic shrike simulacra (IceCv)
  8 ice dragons
  4 salamander tyrants
  Fannar (D:9)
  10 naga warriors
  2 boulder beetles
  16 hydras
  12 two-headed ogres
  9 centaur warriors
  2 ghost crabs (Swamp:1)
  3 peacekeepers
  A death knight (D:13)
  6 spriggan air magi
  8 ironbound frosthearts
  2 demonspawn (Orc:2)
  4 ogre magi
  6 death yaks
  10 alligators
  9 anacondas
  A catoblepas (Zot:3)
  8 deep troll shamans
  4 dancing weapons (Zot:3)
  8 tengu warriors
  3 vampire magi
  8 shock serpents
  3 spriggan berserkers
  4 deep troll earth magi
  5 orc high priests (Orc:2)
  A titan zombie (Depths:3)
  5 naga sharpshooters (Snake:4)
  5 hell knights
  A skeletal warrior (D:13)
  4 sun demons
  A sixfirhy (D:15)
  A storm dragon skeleton (Vaults:5)
  5 salamander mystics
  7 iron trolls
  2 fire crabs (Swamp:4)
  2 spark wasp zombies (Depths:3)
  67 deep trolls
  A flayed ghost (Depths:3)
  5 goliath frogs
  4 spriggan druids
  9 swamp dragons
  10 lindwurms
  7 wizards
  7 glowing orange brains
  8 naga ritualists
  2 obsidian statues (IceCv)
  6 deep elf pyromancers
  13 necromancers
  5 phantasmal warriors
  A harpy (shapeshifter) (D:13)
  9 orc sorcerers
  20 mana vipers
  5 harpies (Vaults:4)
  11 orc knights
  26 ironbound convokers
  A faun (shapeshifter) (D:14)
  6 will-o-the-wisps
  15 ugly things
  17 salamanders
  A manticore (D:15)
  28 moths of wrath
  9 elephants
  An eye of devastation (Depths:2)
  5 cyclopes
  5 guardian serpents (Snake:4)
  22 naga magi
  14 vault sentinels
  43 black mambas
  A gargoyle (D:13)
  9 cane toads
  3 unseen horrors
  9 freezing wraiths
  An ice devil (Orc:2)
  8 komodo dragons
  Psyche (D:11)
  3 rime drakes
  18 yaktaurs
  5 tengu conjurers (Depths:2)
  A golden dragon simulacrum (IceCv)
  A hellwing (Orc:2)
  A polar bear (shapeshifter) (D:14)
  7 trolls
  8 tyrant leeches
  A yaktaur skeleton (Vaults:5)
  6 polar bears
  A bloated husk (Swamp:2)
  A raiju (shapeshifter) (D:13)
  19 hornets
  A frost giant simulacrum (Depths:3)
  A tarantella (Vaults:2)
  46 slime creatures
  An ettin zombie (Vaults:1)
  3 dream sheep (Lair:6)
  16 blink frogs
  Sigmund (D:6)
  A jumping spider (Vaults:3)
  A ynoxinul (Orc:2)
  31 spriggans
  2 shadows (D:11)
  6 wraiths
  A wyvern (D:9)
  11 water elementals
  2 hogs (Lair:5)
  2 fire elementals (D:14)
  2 elf zombies
  4 redbacks
  8 basilisks
  8 fire bats
  54 yaks
  A redback (shapeshifter) (Depths:1)
  A basilisk (shapeshifter) (D:14)
  A minotaur simulacrum (IceCv)
  8 steam dragons
  14 swamp worms
  12 vampire mosquitoes
  Edmund (D:4)
  2 wargs
  37 nagas
  A floating eye (Depths:2)
  3 hell hounds (D:14)
  9 water moccasins
  7 swamp drakes (Swamp:4)
  47 orc warriors
  A human zombie (Vaults:1)
  3 ettin simulacra (IceCv)
  8 black bears
  26 wolves (Lair:6)
  13 ogres
  3 boggarts (Lair:6)
  A human skeleton (Vaults:5)
  22 centaurs
  3 kobold brigands
  12 bullfrogs
  A deep troll simulacrum (IceCv)
  2 scorpions
  3 wights (D:9)
  9 killer bees
  A lindwurm simulacrum (IceCv)
  5 electric eels
  4 crimson imps (Depths:3)
  9 lava snakes
  3 hounds
  A jelly (D:5)
  33 orc priests
  6 iguanas
  Ijyb (D:3)
  32 orc wizards
  6 adders
  2 shadow imps (D:6)
  4 white imps
  An ufetubus (D:4)
  A worm (D:3)
  A dart slug (D:1)
  94 orcs
  4 ball pythons
  3 endoplasms
  3 giant cockroaches
  16 goblins
  13 hobgoblins
  7 jackals
  A quokka (D:1)
  6 bats
  4 frilled lizards
  20 kobolds
  4 rats
1965 creatures vanquished.

Vanquished Creatures (others)
  A nagaraja (Snake:4)
  Nessos (D:13)
  A goliath frog (Swamp:1)
  A wizard (Depths:1)
  3 bloated husks
  A tyrant leech (Swamp:2)
  A spriggan (Swamp:4)
  A human (Lair:5)
  A naga (Snake:2)
  2 swamp drakes (Swamp:4)
  An ice beast (D:7)
  A lava snake (Lair:6)
  An orc wizard (Orc:1)
  An ufetubus (D:7)
  2 orcs (D:11)
  A kobold (D:7)
  A bush (Lair:6)
  12 foxfires
  69 fungi
  100 plants
202 creatures vanquished.

Grand Total: 2167 creatures vanquished

Notes
Turn   | Place    | Note
-------+----------+-------------------------------------------
     0 | D:5      | Flugkiller the Vampire Delver began the quest for the Orb.
     0 | D:5      | Reached XP level 1. HP: 17/17 MP: 1/1
   108 | D:4      | Noticed an orc priest
   120 | D:4      | Noticed an orc priest
   180 | D:4      | Noticed Edmund
   205 | D:4      | Noticed a hound
   208 | D:3      | Noticed an ogre
   218 | D:3      | Reached XP level 2. HP: 10/23 MP: 2/2
   389 | D:2      | Gained mutation: You are afflicted with vampirism and can
                  | become a bat while bloodless. [Vampire growth]
   389 | D:2      | Reached XP level 3. HP: 28/28 MP: 3/3
   606 | D:2      | Noticed Terence
   642 | D:1      | Found Rugullan's Book Shoppe.
   651 | D:1      | Found Kyc Golush's Magic Scroll Emporium.
   656 | D:1      | Bought a scroll of identify for 28 gold pieces
   686 | D:1      | Found a faded altar of an unknown god.
   820 | D:1      | Found Mushrilin's Weapon Boutique.
   974 | D:1      | Found Leyt's Assorted Antiques.
   977 | D:1      | Bought a scroll labelled YSYFFEAQIQ for 26 gold pieces
   977 | D:1      | Bought a scroll labelled VIKHLI IZATHRY for 26 gold pieces
   977 | D:1      | Bought a metallic black potion for 23 gold pieces
   990 | D:1      | Found Lanlad's Distillery.
  1731 | D:3      | Noticed Ijyb
  1783 | D:3      | Killed Ijyb
  1784 | D:3      | Reached skill level 5 in Dodging
  1784 | D:3      | Reached XP level 4. HP: 5/34 MP: 4/4
  1784 | D:3      | Gained mutation: Your magical capacity is low. (-10% MP)
                  | [potion of mutation]
  1784 | D:3      | Gained mutation: Your mind is acute. (Int +2) [potion of
                  | mutation]
  2515 | D:4      | Reached XP level 5. HP: 42/42 MP: 4/4
  2527 | D:4      | Killed Edmund
  2528 | D:4      | Reached XP level 6. HP: 26/48 MP: 5/5
  2648 | D:4      | Noticed Robin
  3136 | D:4      | Reached skill level 5 in Short Blades
  3208 | D:4      | Reached skill level 5 in Fighting
  3208 | D:4      | Reached XP level 7. HP: 36/56 MP: 6/6
  3906 | D:5      | Found a shimmering altar of Xom.
  4167 | D:5      | Found a broken altar of Ashenzari.
  4602 | D:6      | Noticed Sigmund
  4631 | D:6      | Killed Sigmund
  4632 | D:6      | Reached XP level 8. HP: 64/64 MP: 7/7
  4648 | D:6      | Found a sacrificial altar of Ru.
  4832 | D:6      | Identified the +1 ring mail of Daffodils {rN+}
  5112 | D:6      | Found a staircase to the Ecumenical Temple.
  5120 | Temple   | Entered the Ecumenical Temple
  5506 | D:6      | Noticed a troll
  5541 | D:6      | Killed a troll
  5866 | D:7      | Found an iron altar of Okawaru.
  5959 | D:7      | Reached XP level 9. HP: 59/69 MP: 8/8
  6254 | D:7      | Reached skill level 10 in Short Blades
  6526 | D:8      | You fall into a shaft and drop 2 floors!
  6526 | D:10     | Entered Level 10 of the Dungeon
  6707 | D:10     | Noticed a two-headed ogre
  6754 | D:10     | Noticed a troll
  6833 | D:10     | Found a staircase to the Orcish Mines.
  6922 | D:8      | Found a hide-covered altar of Uskayaw.
  6941 | D:8      | Became a worshipper of Uskayaw the Reveller
  7069 | D:8      | Reached * piety under Uskayaw
  7072 | D:8      | Reached ** piety under Uskayaw
  7077 | D:8      | Reached *** piety under Uskayaw
  7080 | D:8      | Reached **** piety under Uskayaw
  7081 | D:8      | Reached skill level 1 in Invocations
  7081 | D:8      | Reached skill level 1 in Evocations
  7088 | D:8      | Reached ***** piety under Uskayaw
  7118 | D:8      | Reached ****** piety under Uskayaw
  7418 | D:9      | Noticed a two-headed ogre
  7446 | D:9      | Killed a two-headed ogre
  7447 | D:9      | Reached XP level 10. HP: 45/76 MP: 9/11
  7583 | D:9      | Found a staircase to the Lair.
  7743 | D:9      | Found a shadowy altar of Dithmenos.
  7761 | D:9      | Reached skill level 10 in Dodging
  8148 | D:10     | Noticed Fannar
  8166 | D:9      | Acquired the +0 helmet of the Blushing Knives {rPois Will+}
  8178 | D:9      | Acquired a +2 buckler of positive energy
  8277 | Lair:1   | Entered Level 1 of the Lair of Beasts
  8384 | Lair:1   | Reached skill level 1 in Shields
  8517 | Lair:1   | Noticed a cane toad
  8528 | Lair:1   | Killed a cane toad
  8637 | Lair:1   | Reached skill level 5 in Evocations
  8650 | Lair:1   | Reached skill level 5 in Invocations
  8801 | Lair:1   | Noticed a cane toad
  8814 | Lair:1   | Killed a cane toad
  9132 | Lair:1   | Learned a level 2 spell: Ensorcelled Hibernation
  9183 | Lair:2   | Noticed an elephant
  9183 | Lair:2   | Noticed an elephant
  9184 | Lair:2   | Noticed an elephant
  9184 | Lair:2   | Noticed an elephant
  9203 | Lair:2   | Noticed an elephant
  9205 | Lair:2   | Noticed an elephant
  9211 | Lair:2   | Killed an elephant
  9212 | Lair:2   | Reached skill level 1 in Hexes
  9212 | Lair:2   | Killed an elephant
  9213 | Lair:2   | Reached skill level 1 in Spellcasting
  9213 | Lair:2   | Reached skill level 1 in Ice Magic
  9213 | Lair:2   | Reached XP level 11. HP: 43/81 MP: 6/13
  9407 | Lair:2   | You fall into a shaft and drop 1 floor!
  9535 | Lair:3   | Found a staircase to the Swamp.
  9553 | Lair:2   | Found a dark tunnel.
  9568 | Volcano  | Entered a volcano
  9759 | Volcano  | Found a burning altar of Makhleb.
  9759 | Volcano  | Noticed a two-headed ogre
  9759 | Volcano  | Noticed an ogre mage
  9759 | Volcano  | Noticed a two-headed ogre
  9759 | Volcano  | Noticed a two-headed ogre
  9767 | Volcano  | Killed a two-headed ogre
  9768 | Volcano  | Killed an ogre mage
  9769 | Volcano  | Reached skill level 5 in Hexes
  9770 | Volcano  | Killed a two-headed ogre
  9770 | Volcano  | Noticed a two-headed ogre
  9776 | Volcano  | Killed a two-headed ogre
  9786 | Volcano  | Killed a two-headed ogre
  9892 | Volcano  | Noticed a red draconian
 10616 | Lair:2   | Reached XP level 12. HP: 88/88 MP: 16/16
 10760 | Lair:3   | Noticed a four-headed hydra
 10774 | Lair:3   | Killed a four-headed hydra
 10775 | Lair:3   | Reached skill level 10 in Hexes
 11884 | Lair:4   | Found a staircase to the Snake Pit.
 12800 | Lair:5   | Noticed Kirke
 12803 | Lair:5   | Reached skill level 5 in Ice Magic
 12809 | Lair:5   | Killed Kirke
 12810 | Lair:5   | Reached XP level 13. HP: 101/101 MP: 5/17
 13413 | Lair:5   | Identified the +7 shortbow "Emamoaw" {venom, rN+ rCorr
                  | Int-5 Stlth+}
 13813 | Lair:6   | Entered Level 6 of the Lair of Beasts
 14166 | Lair:6   | Reached skill level 8 in Stealth
 14320 | Lair:6   | Reached skill level 9 in Stealth
 14498 | Lair:6   | Reached skill level 10 in Stealth
 14980 | Lair:6   | Reached skill level 11 in Stealth
 14983 | Lair:6   | Reached skill level 10 in Invocations
 15023 | Lair:6   | Reached skill level 12 in Stealth
 15435 | Lair:6   | Found a viscous altar of Jiyva.
 15435 | Lair:6   | Found a staircase to the Slime Pits.
 15783 | D:10     | Noticed an angel
 15862 | D:10     | Reached XP level 14. HP: 108/108 MP: 19/19
 16217 | D:11     | Noticed Psyche
 16222 | D:11     | Reached skill level 13 in Stealth
 16233 | D:11     | Killed Psyche
 16881 | D:12     | Found Caeg's Book Shop.
 16915 | D:12     | Acquired the +3 warlock's mirror {reflect}
 16915 | D:12     | Found the +3 warlock's mirror {reflect}
 17026 | D:12     | Found a runed translucent door.
 17027 | D:12     | Noticed Ataumnicw's ghost (journeyman SpEn)
 17783 | D:12     | Identified the +6 trident "Itulajiy" {drain, rN+++ MP+9
                  | Str+4 Dex-5}
 18016 | D:13     | Reached skill level 14 in Stealth
 18043 | D:13     | Noticed Nessos
 18381 | D:13     | Found Miseve's Antique Armour Emporium.
 18401 | D:13     | Reached skill level 15 in Stealth
 18404 | D:13     | Acquired the +7 quick blade of Defilement {vorpal, rCorr
                  | Dex+4}
 18569 | D:13     | Killed Nessos
 19328 | D:14     | Found a gate to the Vaults.
 19439 | D:14     | Noticed Josephine
 19475 | D:14     | Killed Josephine
 19537 | D:14     | Reached skill level 10 in Fighting
 19716 | D:14     | Noticed Azrael
 19726 | D:14     | Killed Azrael
 19926 | D:15     | Entered Level 15 of the Dungeon
 20206 | D:15     | Reached XP level 15. HP: 113/117 MP: 20/20
 20355 | D:15     | Found a staircase to the Depths.
 20597 | Orc:1    | Entered Level 1 of the Orcish Mines
 20626 | Orc:1    | Found Rayluxut's Distillery.
 20720 | Orc:1    | Bought a potion of cancellation for 112 gold pieces
 20738 | Orc:1    | Found Iryikaum's Overcharged Wands.
 21017 | Orc:1    | Found Seuten's Assorted Antiques.
 21136 | Orc:2    | Entered Level 2 of the Orcish Mines
 21136 | Orc:2    | Noticed Donald
 21228 | Orc:1    | Killed Donald
 21545 | Orc:2    | Found a staircase to the Elven Halls.
 21716 | Orc:2    | Found Zieg's Distillery.
 21718 | Orc:2    | Found Dusurch's General Store.
 21855 | Orc:2    | Bought a potion of heal wounds for 90 gold pieces
 21915 | Orc:2    | Reached skill level 15 in Dodging
 22065 | Orc:2    | Found Jyiwutosh's Antique Weapon Shop.
 22065 | Orc:2    | Found Daukkada's Jewellery Boutique.
 22065 | Orc:2    | Found a one-way gate leading to the halls of Pandemonium.
 22263 | Orc:2    | Lost mutation: Your magical capacity is low. (-10% MP)
                  | [potion of mutation]
 22263 | Orc:2    | Lost mutation: Your mind is acute. (Int +2) [potion of
                  | mutation]
 22263 | Orc:2    | Gained mutation: You are agile. (Dex +2) [potion of
                  | mutation]
 22263 | Orc:2    | Gained mutation: You passively map a small area around you.
                  | [potion of mutation]
 22472 | Snake:1  | Entered Level 1 of the Snake Pit
 23395 | Snake:1  | Reached XP level 16. HP: 131/131 MP: 24/24
 23589 | Snake:2  | Identified the +5 rapier of the Water Diviner {holy, *Rage
                  | Drain rF+++ Str+2}
 24126 | Snake:2  | Identified the +6 scale mail of the Storm King {*Slow rF+
                  | Int+3 Stlth+}
 24531 | Snake:3  | Found Erogim's Magic Scroll Boutique.
 24531 | Snake:3  | Found Acusal's Armour Shop.
 24532 | Snake:3  | Found Middinat's General Store.
 24538 | Snake:3  | Found Jurodgh's General Store.
 24563 | Snake:3  | Bought the +1 pair of boots "Qies" {rF+ Str+3 Slay+3} for
                  | 551 gold pieces
 24693 | Snake:3  | Found a frozen archway.
 24715 | IceCv    | Entered an ice cave
 25037 | Snake:3  | Found Nurunn's Weapon Shoppe.
 25557 | Snake:3  | Found a blossoming altar of Fedhas.
 25936 | Snake:4  | Entered Level 4 of the Snake Pit
 25990 | Snake:4  | Reached skill level 5 in Spellcasting
 26258 | Snake:4  | Found Napseale's Antique Armour Shoppe.
 26588 | Snake:4  | Reached XP level 17. HP: 116/139 MP: 19/26
 27030 | Snake:4  | Reached skill level 15 in Hexes
 27177 | Snake:4  | HP: 3/139 [poisoned by a nagaraja (poison arrow)]
 27742 | Snake:4  | Reached skill level 5 in Shields
 27926 | Snake:4  | Got a serpentine rune of Zot
 28270 | D:13     | Bought a shiny troll leather armour for 576 gold pieces
 28445 | Swamp:1  | Entered Level 1 of the Swamp
 28639 | Swamp:1  | Noticed Roxanne
 28778 | Swamp:1  | Noticed Jorgrun
 28805 | Swamp:1  | Killed Jorgrun
 28940 | Swamp:1  | Identified the +0 cloak of Insatiable Hunger {Will+ Int+3
                  | Dex+4}
 29177 | Swamp:1  | Learned a level 7 spell: Enfeeble
 29183 | Swamp:1  | Learned a level 5 spell: Summon Mana Viper
 29348 | Swamp:1  | Killed Roxanne
 29924 | Swamp:2  | Reached XP level 18. HP: 146/146 MP: 28/28
 30401 | Swamp:3  | Learned a level 4 spell: Leda's Liquefaction
 30827 | Swamp:4  | Entered Level 4 of the Swamp
 30851 | Swamp:4  | Reached skill level 1 in Earth Magic
 30931 | Swamp:4  | Reached skill level 16 in Stealth
 31126 | Swamp:4  | Noticed Bai Suzhen
 31144 | Swamp:4  | Killed Bai Suzhen
 31571 | Swamp:4  | Got a decaying rune of Zot
 31837 | Vaults:1 | Entered Level 1 of the Vaults
 31992 | Vaults:1 | Reached skill level 17 in Stealth
 32200 | Vaults:1 | You fall into a shaft and drop 1 floor!
 32291 | Vaults:2 | Reached skill level 15 in Fighting
 32291 | Vaults:2 | Reached skill level 5 in Earth Magic
 32519 | Vaults:2 | Reached skill level 18 in Stealth
 32519 | Vaults:2 | Reached XP level 19. HP: 141/155 MP: 29/29
 34079 | Vaults:1 | Acquired 828 gold pieces
 34476 | Vaults:3 | Found a staircase to the Crypt.
 35324 | Vaults:3 | Identified the +2 robe of Muttered Phrases {rC+ Str+4}
 35487 | Vaults:3 | Reached XP level 20. HP: 162/162 MP: 26/30
 36024 | Vaults:4 | Noticed Sojobo
 36059 | Vaults:3 | Killed Sojobo
 36358 | Vaults:4 | Found Qubees's Assorted Antiques.
 36415 | Vaults:4 | Noticed Boris
 36439 | Vaults:4 | Killed Boris
 36942 | Vaults:4 | Learned a level 3 spell: Confusing Touch
 36948 | Vaults:5 | Entered Level 5 of the Vaults
 36962 | Vaults:5 | Reached skill level 15 in Invocations
 37013 | Vaults:5 | Noticed a golden dragon
 37048 | Vaults:5 | Killed a golden dragon
 37103 | Vaults:5 | Reached XP level 21. HP: 144/168 MP: 32/32
 37240 | Vaults:5 | Noticed Mennas
 37250 | Vaults:5 | Killed Mennas
 37309 | Vaults:5 | Reached skill level 10 in Evocations
 37500 | Vaults:5 | Identified the +7 arbalest "Nyewietz" {elec, Int+5}
 37500 | Vaults:5 | Identified the ring "Wofumein" {Ice Str-3 Int+6 Dex+2}
 37626 | Vaults:5 | Found the +8 Wrath of Trog {antimagic, *Rage Rampage}
 37969 | Vaults:5 | Got Wimiocia's Volume of Creative Transmigration
 38301 | Vaults:5 | Identified the +8 scale mail of Wu Jian's Generosity {rElec
                  | rF++ Stlth+}
 38517 | Vaults:5 | Found Tavan's Armour Shoppe.
 38720 | Vaults:5 | Got a silver rune of Zot
 38941 | Vaults:5 | Identified the +6 plate armour of Atheism {Harm rPois rF+
                  | Str+5}
 39481 | Snake:3  | Bought the +5 helmet "Ruckeet" {rElec rF+ SInv} for 711
                  | gold pieces
 39770 | Depths:1 | Entered Level 1 of the Depths
 40184 | Depths:1 | Learned a level 5 spell: Silence
 40289 | Depths:1 | Reached XP level 22. HP: 146/179 MP: 34/34
 40456 | Depths:1 | Found a gateway to Hell.
 41132 | Depths:2 | Found a one-way gateway to a ziggurat.
 41145 | Depths:2 | Paralysed by a floating eye for 3 turns
 41150 | Depths:2 | Paralysed by a floating eye for 3 turns
 41236 | Depths:2 | Paralysed by a floating eye for 3 turns
 41326 | Depths:2 | Found a radiant altar of Vehumet.
 41650 | Depths:2 | Found a radiant altar of Vehumet.
 41666 | Depths:2 | Identified the +0 hat of Restlessness {rC+ Int+5}
 41686 | Depths:2 | Identified the +0 hat of Dawess {rPois rN+ rCorr}
 42084 | Depths:2 | Identified the +2 hat of the Loving Gods {rPois}
 42505 | Depths:3 | Identified the +4 fustibalus "Wemiesea" {freeze, Fly rElec
                  | Str+2}
 42557 | Depths:3 | You fall into a shaft and drop 1 floor!
 42557 | Depths:4 | Entered Level 4 of the Depths
 42569 | Depths:3 | Found a one-way gate to the infinite horrors of the Abyss.
 42730 | Depths:3 | Found a shimmering altar of Xom.
 42891 | Depths:3 | Noticed a juggernaut
 42908 | Depths:3 | Killed a juggernaut
 42945 | Depths:3 | Identified the +9 great sword of Cocytus {vorpal, Int+8
                  | Stlth-}
 43041 | Depths:3 | Reached skill level 10 in Shields
 43444 | Depths:4 | Noticed a golden dragon
 43452 | Depths:4 | Killed a golden dragon
 43682 | Depths:4 | Reached XP level 23. HP: 173/190 MP: 35/35
 43749 | Depths:4 | Found a gate to the Realm of Zot.
 43841 | Depths:4 | Reached skill level 19 in Stealth
 43859 | Depths:4 | Noticed a juggernaut
 43874 | Depths:4 | Killed a juggernaut
 44311 | Zot:1    | Entered Level 1 of the Realm of Zot
 45133 | Zot:1    | Identified the +2 ring mail of Ridgh {Dex+5 Slay+5}
 45321 | Zot:1    | Reached skill level 20 in Stealth
 46237 | Zot:2    | Noticed an orb of fire
 46260 | Zot:2    | Killed an orb of fire
 46790 | Zot:3    | Reached skill level 21 in Stealth
 46904 | Zot:3    | Noticed a Killer Klown
 46929 | Zot:3    | Killed a Killer Klown
 47061 | Zot:3    | Reached XP level 24. HP: 201/201 MP: 36/36
 47213 | Zot:3    | Found the +3 sling "Punk" {acid, rCorr}
 47379 | Zot:3    | Found a stormy altar of Qazlal.
 47383 | Zot:3    | Noticed an ancient lich
 47406 | Zot:3    | Killed an ancient lich
 47411 | Zot:3    | Identified the +1 robe of the Watchman {Rampage rF+ Dex+2}
 47895 | Zot:4    | Reached skill level 22 in Stealth
 48154 | Zot:4    | Noticed a Killer Klown
 48187 | Zot:4    | Killed a Killer Klown
 48306 | Zot:4    | Identified the +6 quarterstaff of Evaol {drain, +Blink
                  | rPois}
 48719 | Zot:5    | Entered Level 5 of the Realm of Zot
 48811 | Zot:5    | Noticed a Killer Klown
 48816 | Zot:5    | Killed a Killer Klown
 48838 | Zot:5    | Noticed a dread lich
 48844 | Zot:5    | Killed a dread lich
 48854 | Zot:5    | Noticed a dread lich
 48865 | Zot:5    | Killed a dread lich
 48879 | Zot:5    | Noticed an orb of fire
 48894 | Zot:5    | Killed an orb of fire
 48895 | Zot:5    | Reached skill level 23 in Stealth
 49294 | Zot:5    | Noticed a dread lich
 49312 | Zot:5    | Killed a dread lich
 49383 | Zot:5    | Noticed an orb of fire
 49386 | Zot:5    | Noticed an orb of fire
 49410 | Zot:5    | Killed an orb of fire
 49424 | Zot:5    | Killed an orb of fire
 49729 | Zot:5    | Noticed a Killer Klown
 49739 | Zot:5    | Reached XP level 25. HP: 197/210 MP: 36/36
 49739 | Zot:5    | Noticed an orb of fire
 49765 | Zot:5    | Killed an orb of fire
 49806 | Zot:5    | Killed a Killer Klown
 49993 | Zot:5    | Noticed a dread lich
 49995 | Zot:5    | Noticed an orb of fire
 50032 | Zot:5    | Killed a dread lich
 50080 | Zot:5    | Killed an orb of fire
 50099 | Zot:5    | Noticed a dread lich
 50114 | Zot:5    | Killed a dread lich
 50327 | Zot:5    | Reached skill level 24 in Stealth
 50755 | Zot:5    | Noticed a Killer Klown
 50758 | Zot:5    | Noticed a dread lich
 50772 | Zot:5    | Killed a dread lich
 50776 | Zot:5    | Killed a Killer Klown
 51000 | Zot:5    | Got the Orb of Zot
 51221 | Zot:1    | Noticed Giapp the pandemonium lord
 51421 | D:11     | Noticed Boris
 51445 | D:9      | Killed Fannar
 51620 | D:1      | gg
 51621 | D:$      | Escaped with the Orb!

Illustrated notes

.....#.#.## #.#
##.##...... .....#.##r##
#.# ##.###...#..
.....#####.## #.#
##.####...... .##### ##2##
#.# ##.## #.....[∩ .#
##.###2###.## #.....#.
##### ##.##)##.## #.......
....# ##|#.#.##
####...#... ....#
########b#.#####.....###..
....#
#.......#@#.......#..##...
....##
########.#.########.......
.....## ##.#.#.## ##.##...
####..# ##.##.##.##
#...... ##.# ##.###.###.##
#)..#.. #.# ##.## #.#
##.## #...#.. #.####.##
#.# ##.####...... #..##.##
#.# ##.##.....## ##...##
#.# ##....#..##


Turn 51620 on D:1: gg

Levels and vault maps discovered:
D:1:      spicycebolla_arrival_xxxplode, layout_basic,
          ebering_ecumenical_altar_mist, serial_shops, shop,
          nicolae_shop_behind_doors, nicolae_square_shop, shop,
          nicolae_shop_statue_plus, serial_curves, eino_curves_02,
          eino_curves_03, eino_curves_04, eino_curves_01
D:2:      layout_basic, uniq_terence
D:3:      layout_basic, uniq_ijyb
D:4:      layout_layer_cave, uniq_edmund, uniq_robin
D:5:      lemuel_ice_spiral_2, layout_rooms, elyvilon_altar_3,
          nicolae_ashenzari_skybound, kennysheep_mini_moat, dk_rats_in_the_wall
D:6:      kennysheep_big_flooded_room, layout_basic,
          mainiacjoe_overflow_cross_hatched, minmay_temple_entry_offerings,
          uniq_sigmund
D:7:      layout_gridville, okawaru_trees_2, st_stairs_7
D:8:      layout_rooms, nicolae_tso_carved_into_rock,
          eat_drink_and_be_merry_uskayaw
D:9:      layout_irregular_city, nicolae_dithmenos_the_darkroom,
          david_lair_shrubbed
D:10:     layout_basic, zin_angel, orc_0_dummy, uniq_fannar
D:11:     layout_loops_ring, minivault_16, uniq_psyche
D:12:     layout_layer_cave, ebering_ghost_funeral_grove, serial_shops,
          nicolae_shop_window_shopping
D:13:     layout_rooms, serial_shops, nicolae_square_shop, uniq_nessos
D:14:     layout_cave_pools, david_vaults_4, chequers_avenue, uniq_josephine,
          uniq_azrael
D:15:     hangedman_depths_entry_civil_slaughter, layout_rooms,
          corexii_corridor_pit
Temple:   nicolae_temple_figure_eight
Lair:1:   layout_loops_ring, minivault_19
Lair:2:   layout_misc_corridors, nicolae_volcano_entry_batcave,
          grunt_megastairs_2
Lair:3:   layout_loops_ring, minmay_swamp_entry_swarm, grunt_megastairs_1,
          infiniplex_staircase_pool
Lair:4:   layout_roguey, minmay_snake_entry_guardpost_small
Lair:5:   layout_long_grid, uniq_kirke
Lair:6:   minmay_lair_end_enchanted_forest, layout_loops_ring,
          dpeg_slime_entry_enclosed_altar, nicolae_lair_liquid_snakes
Swamp:1:  layout_falls_marsh, nicolae_swamp_bean_lake, uniq_roxanne,
          uniq_jorgrun
Swamp:2:  nicolae_swamp_ascending_descending_big, layout_basic_swamp,
          hangedman_swamp_lotus
Swamp:3:  nicolae_swamp_decorative_isthmus, layout_basic_swamp,
          nicolae_swamp_small_spring, swamp_pool4
Swamp:4:  swamp_fiery, layout_basic_swamp, swamp_pool4, uniq_bai_suzhen
Snake:1:  cheibrodos_forgotten_conduit, layout_chambers
Snake:2:  layout_grid_maze, hangedman_snake_corridor_cut
Snake:3:  layout_cave_shapes, basic_altar, serial_shops, shop,
          portal_ice_cave_entry_dragon, nicolae_snake_gridmaze_spiral,
          drop_trap, minmay_shoptagon
Snake:4:  grunt_snake_rune_spirals, layout_onion, serial_shops,
          nicolae_diamond_shop
Orc:1:    cheibrodos_orc_bank, layout_diamond_mine, serial_shops, shop, shop,
          nicolae_shop_overcharged_wands
Orc:2:    pf_orc_diabolical, layout_caves, basic_altar, uniq_donald
Vaults:1: nicolae_vaults_c_with_doors, nicolae_vaults_little_squares_4,
          hangedman_vaults_stretched_pinwheel, v_misc_29,
          nicolae_vaults_network_star, grunt_vaults_focal,
          dpeg_vaults_monster_row, ontoclasm_vaults_fault, v_misc_28, v_misc_24,
          vaults_room_grid, hangedman_vaults_hat, ontoclasm_vaults_ligature,
          layout_vaults_maze
Vaults:2: grunt_vaults_hallway_short, v_pattern_2, vaults_room_fours, v_misc_9,
          v_misc_1, v_misc_18, hangedman_vaults_snaps,
          nicolae_vaults_little_squares_3, layout_vaults_quadrants
Vaults:3: vaults_room_fours, vaults_room_fancy_cross, vaults_mumra_chevron_long,
          vaults_dpeg_spiral, vaults_room_pools, nicolae_vaults_network_barrier,
          st_lattice, hangedman_vaults_stitches, hangedman_vaults_corner,
          nicolae_vaults_ring_of_whatevers, vaults_room_corners,
          layout_vaults_big_cross
Vaults:4: v_misc_22, nicolae_vaults_asterisk, v_misc_25, v_misc_11,
          nicolae_vaults_angled_halls, nicolae_vaults_big_angled_halls,
          v_alt_pattern_6, nicolae_vaults_diagonal_hallway_9,
          ontoclasm_vaults_ring_small, nicolae_vaults_little_squares_3,
          v_alt_pattern_2, layout_vaults_ring, serial_shops,
          nicolae_shop_waterfront, uniq_boris, uniq_sojobo
Vaults:5: serial_shops, uniq_mennas
Depths:1: layout_cave_pools, pf_coc_iceberg, nrook_mini_backslash, drop_trap,
          grunt_ministairs_12, hangedman_abyss_or_decor_slice,
          minmay_hedge_maze, st_stairs_6, chequers_serial_rivers_marsh,
          hex_tiny, minmay_misc_feat_diagonals, serial_bayou_pond_c,
          grunt_decor_mini_mirrors
Depths:2: lemuel_troll_bridge, layout_basic, enter_ziggurat_c,
          nicolae_vehumet_altar_sigil, grunt_pan_entry_in_and_out,
          pf_hell_entry_tar_river, kennysheep_minor_cross, grunt_tower_of_power
Depths:3: four-leaf_vault, layout_cave_pools, hell_entry, abyss_entry,
          chequers_serial_rivers_large_a, led_xom_imps, infiniplex_staircase_x
Depths:4: evilmike_zot_entry_basic, layout_cave_shapes, serial_glass,
          glass_columns_a, glass_columns_a, hell_entry,
          roderic_lattice_octagonal_star
Zot:1:    layout_cathedral_of_symmetry, hangedman_zot_decor_slant,
          grunt_megastairs_4
Zot:2:    layout_gridville, skrybe_zot_glass_1
Zot:3:    regret_index_qazlal_generations, layout_twisted_circle
Zot:4:    layout_basic, uniq_josephina
Zot:5:    layout_basic, st_stairs_12

Skill      XL: |  1  2  3  4  5  6  7  8  9 10 11 12 13 14 15 16 17 18 19 20 21 22 23 24 25 |
---------------+----------------------------------------------------------------------------+-----
Dodging        | 3 5 6 7 9 10 12 13 16 17 19 20 21 22 23 | 23.2
Fighting       | 3 4 5 6 9 10 13 14 15 16 18 19 20 | 20.6
Short Blades   | 4 5 6 9 10 13 14 | 14.0
Invocations    | 3 5 8 10 11 13 14 15 17 18 19 | 19.8
Evocations     | 3 5 9 10 | 10.0
Shields        | 3 4 7 10 | 10.0
Hexes          | 2 9 10 12 14 17 19 20 | 20.0
Spellcasting   | 1 3 5 6 7 |  7.0
Ice Magic      | 1 4 5 6 |  6.0
Stealth        | 12 15 18 21 23 24 | 24.6
Earth Magic    | 5 |  5.0

Action                   |  1- 3 |  4- 6 |  7- 9 | 10-12 | 13-15 | 16-18 | 19-21 | 22-24 | 25-27 || total
-------------------------+-------+-------+-------+-------+-------+-------+-------+-------+-------++-------
Melee: Short sword       |   122 |     6 |       |       |       |       |       |       |       ||   128
       Bite              |    12 |     7 |    47 |   110 |   257 |   303 |   345 |   418 |    73 ||  1572
       Unarmed           |     5 |     9 |       |       |       |       |       |       |       ||    14
       Dagger            |       |    72 |   455 |   601 |   436 |       |       |       |       ||  1564
       Punch             |       |     1 |     4 |       |       |       |       |       |       ||     5
       Rapier            |       |       |       |       |   180 |       |     5 |       |    84 ||   269
       Quick blade       |       |       |       |       |   901 |  1497 |  1557 |  1743 |   236 ||  5934
Throw: Dart              |       |       |     1 |     1 |       |       |       |       |       ||     2
 Cast: Ensorcelled Hiber |       |       |       |    47 |    40 |     3 |     6 |       |       ||    96
       Leda's Liquefacti |       |       |       |       |       |     5 |    22 |    19 |     2 ||    48
       Confusing Touch   |       |       |       |       |       |       |     3 |     1 |       ||     4
       Enfeeble          |       |       |       |       |       |       |       |     7 |     9 ||    16
       Silence           |       |       |       |       |       |       |       |     2 |       ||     2
       Summon Mana Viper |       |       |       |       |       |       |       |     1 |     1 ||     2
Invok: Stomp             |       |       |       |     6 |     8 |     7 |     5 |     4 |       ||    30
       Line Pass         |       |       |       |     1 |     2 |       |     3 |     4 |       ||    10
       Grand Finale      |       |       |       |       |     7 |     7 |     6 |    11 |     3 ||    34
Evoke: Wand              |     1 |     5 |     4 |    16 |     8 |     4 |     3 |     4 |       ||    45
       Phantom mirror    |       |       |       |       |     1 |     1 |     1 |       |       ||     3
       Box of beasts     |       |       |       |       |       |     1 |       |       |       ||     1
       Tin of tremorston |       |       |       |       |       |       |       |     1 |       ||     1
       Phial of floods   |       |       |       |       |       |       |       |       |     2 ||     2
  Use: Scroll            |     4 |     3 |     5 |    11 |    14 |    13 |    10 |     1 |     3 ||    64
       Potion            |     5 |     3 |       |     1 |     5 |     3 |     1 |     2 |     4 ||    24
 Stab: Sleeping          |    10 |     6 |     8 |    39 |    64 |    54 |    40 |    59 |       ||   280
       Distracted        |       |     1 |       |       |     6 |     9 |    16 |     8 |     4 ||    44
       Paralysed         |       |       |     6 |    29 |   120 |   120 |   140 |   124 |    17 ||   556
       Confused          |       |       |       |     1 |       |     2 |     6 |     4 |       ||    13
       Invisible         |       |       |       |       |       |       |       |     3 |     1 ||     4
Armor: Leather armour    |     6 |       |       |       |       |       |       |       |       ||     6
       Robe              |    10 |    13 |    46 |    44 |    53 |       |       |       |       ||   166
       Skin              |     3 |     6 |       |       |       |       |       |       |       ||     9
       Troll leather arm |       |       |       |       |    33 |    97 |    52 |    52 |       ||   234
       Ring mail         |       |       |       |       |       |       |       |    42 |    10 ||    52
Dodge: Dodged            |    89 |    74 |   293 |   289 |   822 |   755 |   694 |   954 |   153 ||  4123
Block: Other             |    36 |    24 |    71 |    10 |       |       |       |       |       ||   141
       Reflection        |       |       |     4 |     6 |    35 |    61 |    48 |    51 |     9 ||   214
       Buckler           |       |       |       |   219 |   507 |   436 |   380 |   567 |    96 ||  2205

Table legend: (Time is in decaauts)
 A = Elapsed time spent in this place.
 B = Non-inter-level travel time spent in this place.
 C = Inter-level travel time spent in this place.
 D = Time resting spent in this place.
 E = Time spent auto-exploring this place.
 F = Levels seen in this place.
 G = Mean time per level.
                   A        B        C        D        E       F      G
               +--------+--------+--------+--------+--------+-----+--------+
         Total |  47474 |  43172 |   4302 |   5275 |  25281 |  48 |  989.0 |
       Dungeon |  13456 |  12017 |   1439 |   1256 |   7668 |  15 |  897.1 |
        Temple |    213 |    203 |     10 |      0 |    202 |   1 |  213.0 |
          Lair |   7184 |   6252 |    932 |   1254 |   3405 |   6 | 1197.3 |
         Swamp |   3008 |   2779 |    229 |    235 |   1605 |   4 |  752.0 |
     Snake Pit |   4998 |   4507 |    491 |    351 |   2890 |   4 | 1249.5 |
  Orcish Mines |   1367 |   1269 |     98 |    135 |    629 |   2 |  683.5 |
        Vaults |   6413 |   6033 |    380 |    352 |   3606 |   5 | 1282.6 |
        Depths |   3972 |   3809 |    163 |    211 |   2577 |   4 |  993.0 |
           Zot |   6233 |   5676 |    557 |   1293 |   2650 |   5 | 1246.6 |
      Ice Cave |    253 |    253 |      0 |     69 |     19 |   1 |  253.0 |
       Volcano |    372 |    372 |      0 |    118 |     28 |   1 |  372.0 |
               +--------+--------+--------+--------+--------+-----+--------+

Top non-repeatable levels by time:
   Zot:5: 1801 daAuts
    D:12: 1762 daAuts
Vaults:5: 1761 daAuts
 Snake:4: 1671 daAuts
Depths:2: 1422 daAuts
 Snake:3: 1410 daAuts
  Lair:6: 1401 daAuts
     D:4: 1393 daAuts
  Lair:5: 1392 daAuts
   Zot:1: 1315 daAuts
  Lair:1: 1300 daAuts
Vaults:2: 1224 daAuts
Vaults:4: 1191 daAuts
   Zot:3: 1170 daAuts
  Lair:3: 1168 daAuts
